Cogmind - Beta 17 @@@ ROGUE MODE // 2026.07.31 @ 22:59:26 Player: oskarw Result: Destroyed by S-27 Virus with Autogun Performance ------------- Evolutions (6) 3000 Regions Visited (12) 2400 Robots Destroyed (122) 610 Value Destroyed (3501) 3501 Prototype IDs (22) 440 Alien Tech Used (0) 0 Bonus (577) 577 TOTAL SCORE: 10528 Bonus ------- High Alert Combat Kills 37 Follower Combat Kills 40 Entered Garrisons 200 Met Data Miner 300 Cogmind --------- Core Integrity 0/1150 Matter 167/300 Energy 99/100 System Corruption 2% Temperature Cool (0) Movement Core (50) Location -4/Garrison Parts ------- > --- POWER (2) -------- (None) > --- PROPULSION (5) --- (None) > --- UTILITY (9) ------ Hacking Suite > --- WEAPON (3) ------- (None) > --- INVENTORY (5) ---- Light Quantum Reactor Enhanced Nova Cannon Heavy Pick Peak State ------------ > --- POWER ------------ Quantum Reactor Light Quantum Reactor > --- PROPULSION ------- Biometal Heavy Treads Biometal Heavy Treads Field Propulsion Drive > --- UTILITY ---------- Improved Sensor Array Advanced Signal Interpreter Advanced ECM Suite Improved Light Armor Plating Hacking Suite Hacking Suite Advanced Hacking Suite Improved System Shield > --- WEAPON ----------- Enhanced Nova Cannon Enhanced Hardcell Cannon Heavy Pick > --- INVENTORY -------- Light Quantum Reactor Smartbomb Launcher [Rating: 117] Favorites ----------- Power Micro Nuclear Core Engine Light Ion Engine Power Core Micro Nuclear Core Reactor Light Quantum Reactor Propulsion Light Treads Treads Light Treads Leg Carbon-fiber Leg Hover Unit Hover Unit Flight Unit Nuclear Pulse Thruster Utility Improved Terrain Scan Processor Device Improved Reaction Control System Storage Large Storage Unit Processor Improved Terrain Scan Processor Hackware Hacking Suite Protection Light Armor Plating Weapon Assault Cannon Energy Gun EM Pulse Gun Energy Cannon Advanced Beam Cannon Ballistic Gun Light Assault Rifle Ballistic Cannon Assault Cannon Launcher Mini Grenade Launcher Impact Weapon Maul Piercing Weapon Heavy Pick Build | -11 -10 -9 -8 -7 -6 -6 -6 -6 -5 -5 -4 -4 ------- Run | Yrd Mat Mat Mat Fac Fac Low Low Dat Pro Fac Fac Gar Slots Evolved 12 | . . 2 2 2 2 . . . . 2 2 . Power 1 | . . . . 1 . . . . . . . . Propulsion 3 | . . 2 . . . . . . . . 1 . Utility 7 | . . . 2 . 2 . . . . 2 1 . Weapon 1 | . . . . 1 . . . . . . . . Parts Attached 131 | 6 5 15 23 20 20 . 1 . 4 18 7 12 Power 18 | 1 . 2 3 4 2 . . . 1 2 1 2 Engine 8 | 1 . 2 . 2 2 . . . . 1 . . Core 8 | . . . 3 2 . . . . 1 1 1 . Reactor 2 | . . . . . . . . . . . . 2 Propulsion 37 | 2 2 6 9 4 5 . . . . 4 1 4 Treads 16 | 2 . . 7 4 . . . . . . . 3 Leg 8 | . . 4 2 . 1 . . . . . . 1 Wheel . | . . . . . . . . . . . . . Hover 5 | . 2 2 . . 1 . . . . . . . Flight 8 | . . . . . 3 . . . . 4 1 . Utility 45 | 1 2 2 7 7 7 . 1 . 3 11 3 1 Device 20 | . . . 3 3 5 . 1 . 1 6 1 . Storage 5 | 1 1 1 2 . . . . . . . . . Processor 6 | . . . 1 1 1 . . . 1 2 . . Hackware 6 | . . . . 1 1 . . . . 1 2 1 Protection 8 | . 1 1 1 2 . . . . 1 2 . . Artifact . | . . . . . . . . . . . . . Weapon 31 | 2 1 5 4 5 6 . . . . 1 2 5 Energy Gun 3 | 2 . . . . . . . . . . . 1 Energy Cannon 11 | . . 1 3 1 2 . . . . . 1 3 Ballistic Gun 1 | . 1 . . . . . . . . . . . Ballistic Cannon 10 | . . 2 1 4 2 . . . . . . 1 Launcher 3 | . . 1 . . 1 . . . . . 1 . Special Weapon . | . . . . . . . . . . . . . Impact Weapon 1 | . . 1 . . . . . . . . . . Slashing Weapon . | . . . . . . . . . . . . . Piercing Weapon 2 | . . . . . 1 . . . . 1 . . Special Melee Weapon . | . . . . . . . . . . . . . Unidentified Prototypes 6 | . . 2 . . 2 . . . . 2 . . Corrupted Parts 1 | . . . 1 . . . . . . . . . System Corruption 1 | . . . 1 . . . . . . . . . Parts Lost 53 | . . 5 9 1 13 . . . . 1 5 19 Power 6 | . . 1 1 . 1 . . . . . 1 2 Propulsion 21 | . . 2 7 . 5 . . . . . 2 5 Utility 18 | . . 2 1 1 4 . . . . 1 2 7 Weapon 8 | . . . . . 3 . . . . . . 5 Highest Loss Streak 12 | . . 2 3 1 12 . . . . 1 3 11 To Critical Strikes 2 | . . . . . 1 . . . . . . 1 Average Backups 8 | 2 5 6 10 13 9 4 4 5 4 4 3 2 Power . | . 1 . . 1 1 1 1 1 1 1 . . Propulsion . | 1 2 . . . . . . . . . . . Utility 3 | . 1 2 3 5 3 1 2 3 2 1 . . Weapon 3 | . . 2 6 5 3 1 1 1 1 1 1 1 Tool/Special . | . . . . . . . . . . . . . Unused Backups 22 | . 3 1 1 8 1 . . . 1 2 1 4 Power 4 | . 1 . . . 1 . . . . . . 2 Propulsion 5 | . 2 1 . . . . . . . 2 . . Utility 8 | . . . 1 4 . . . . 1 . . 2 Weapon 5 | . . . . 4 . . . . . . 1 . Tool/Special . | . . . . . . . . . . . . . Average Slot Usage (%) 89 | . 88 97 92 98 87 83 80 80 79 82 86 50 Engine 4 | . 14 10 3 3 8 . . . . 2 3 . Core 5 | . . . 4 11 2 6 6 6 6 5 6 2 Treads 14 | . 27 . 22 26 17 . . . . . . 3 Leg 3 | . . 18 8 1 . . . . . . . 1 Hover 3 | . . 23 . . 1 6 6 6 6 . . . Flight 6 | . . . . . 4 20 20 20 20 22 25 6 Device 10 | . . . 11 6 19 20 20 20 15 18 18 4 Storage 6 | . 14 13 12 7 4 . . . . . . . Processor 7 | . . . 9 7 8 13 13 13 13 13 5 2 Hackware 3 | . . . . 4 . 6 6 6 6 5 15 16 Protection 3 | . 3 8 2 3 4 . . . 3 4 5 2 Energy Gun 2 | . 17 4 . . . . . . . . . 1 Energy Cannon 5 | . . . 14 8 3 . . . . . . 1 Ballistic Gun 1 | . 10 5 . . . . . . . . . . Ballistic Cannon 5 | . . 8 3 13 9 3 . . . . . . Piercing Weapon 1 | . . . . . . 6 6 6 6 5 4 2 Peak Build Rating 117 | 6 8 25 33 47 59 53 51 47 52 75 97 117 Average Rating 37 | 4 6 15 22 37 50 49 47 47 46 59 83 64 On Entrance 37 | . 6 8 25 18 46 48 51 47 47 48 75 70 Avg Prop Armor Cover (%) 6 | . 22 14 5 3 9 5 7 8 5 5 . 19 Naked Turns . | . . . . . . . . . . . . . Heaviest Build 86 | 12 19 30 41 59 86 18 19 14 18 25 24 70 Greatest Support 150 | 40 40 60 83 94 94 18 18 18 18 26 42 150 Greatest Overweight (x) 8 | 3 3 8 1 1 2 . 1 . . 1 . 3 Average Overweight (x) . | . . . . . . . . . . . . . Largest Inventory Capacity 15 | 8 10 10 15 15 15 5 5 5 5 5 5 5 Average Capacity 9 | 7 8 10 11 15 11 5 5 5 5 5 5 5 Most Carried 15 | 4 9 10 14 15 15 5 5 5 5 5 5 5 Average Carried 8 | 2 5 6 10 13 9 4 4 5 4 4 3 3 Final Capacity 15 | 8 10 10 15 15 5 5 5 5 5 5 5 5 Final Carried 15 | 4 8 10 14 15 4 4 5 5 4 5 3 3 Class Distribution -------------------- 27% | Mutant 17% | Scavenger-Mutant 11% | Scavenger-Skirmisher 10% | Scout 9% | Skirmisher 8% | Hacker-Sprinter 5% | Ninja Dominant Class ---------------- Mutant | -10/Materials Mutant | -9/Materials Scavenger-Mutant | -8/Materials Scavenger-Skirmisher | -7/Factory Skirmisher | -6/Factory Scout | -6/Lower Caves Scout | -6/Lower Caves Scout | -6/Data Miner Mutant | -5/Proximity Caves Ninja | -5/Factory Hacker-Sprinter | -4/Factory Hacker-Mutant | -4/Garrison Resources | -11 -10 -9 -8 -7 -6 -6 -6 -6 -5 -5 -4 -4 ----------- Run | Yrd Mat Mat Mat Fac Fac Low Low Dat Pro Fac Fac Gar Matter Collected 3455 | 205 262 282 1043 542 393 308 10 . 73 100 154 83 Remotely 272 | . . . . . 272 . . . . . . . Salvage Created 3864 | 38 473 418 1318 486 378 162 48 . 219 33 208 83 Parts 223 | 4 27 36 57 37 22 3 . . 9 2 24 2 Haulers Intercepted 5 | . . 2 2 1 . . . . . . . . Recyclers Shooed 7 | . . 1 1 1 4 . . . . . . . Parts Field Recycled . | . . . . . . . . . . . . . Retrieved Matter . | . . . . . . . . . . . . . Parts Self-Destructed 4 | . . . . . . 2 . . 2 . . . Prevented . | . . . . . . . . . . . . . Parts Restored . | . . . . . . . . . . . . . Kills | -11 -10 -9 -8 -7 -6 -6 -6 -6 -5 -5 -4 -4 ------- Run | Yrd Mat Mat Mat Fac Fac Low Low Dat Pro Fac Fac Gar Combat Hostiles Destroyed 71 | . 7 15 24 10 7 1 . . 1 . 5 1 Melee 4 | . . 1 . . . 1 . . 1 . . 1 Guns 9 | . 7 2 . . . . . . . . . . Cannons 37 | . . 5 17 9 6 . . . . . . . AOE 16 | . . 7 2 1 1 . . . . . 5 . Classes Destroyed 15 | 1 6 3 2 1 1 . 1 . . . . . Worker 8 | . 1 . 3 2 2 . . . . . . . Builder 11 | . . 3 1 . 3 . . . . . 4 . Tunneler 7 | 2 2 . 3 . . . . . . . . . Hauler 5 | . . 2 2 1 . . . . . . . . Recycler 3 | . 2 . . . 1 . . . . . . . Operator 6 | . 1 1 1 3 . . . . . . . . Watcher 11 | . 1 1 2 4 . . . . . 1 2 . Swarmer 25 | . 3 8 3 3 3 . . . . . 5 . Grunt 29 | . 4 6 16 3 . . . . . . . . Brawler 2 | . . . 2 . . . . . . . . . Duelist 1 | . . . 1 . . . . . . . . . Sentry 6 | . . 1 2 2 . . . . . . . 1 Hunter 5 | . . . . . 4 . . . 1 . . . Programmer 3 | . . . . 2 . 1 . . . . . . Samaritan 4 | . . . . . . . 1 . 3 . . . Best Kill Streak 11 | 2 4 7 4 5 6 1 . . 1 1 11 1 Combat Bots Only 7 | . 3 7 3 3 4 1 . . 1 . 5 1 Max Kills in Single Turn 4 | 1 1 4 2 3 2 1 1 . 1 1 4 1 Gunslinging . | . . . . . . . . . . . . . Exploded 4 | . . 4 2 1 1 . . . . . 4 . Melee 1 | . . 1 . . . 1 . . 1 . . 1 Uniques/NPCs Destroyed . | . . . . . . . . . . . . . Combat | -11 -10 -9 -8 -7 -6 -6 -6 -6 -5 -5 -4 -4 -------- Run | Yrd Mat Mat Mat Fac Fac Low Low Dat Pro Fac Fac Gar Hostile Shots Fired 886 | . 30 101 120 75 148 25 . . 10 4 65 308 Missed 259 | . 11 23 26 25 27 13 . . 5 4 37 88 Hits 627 | . 19 78 94 50 121 12 . . 5 . 28 220 Melee 7 | . . . 7 . . . . . . . . . Projectile 620 | . 19 78 87 50 121 12 . . 5 . 28 220 AOE 1 | . . . . . . . . . . . 1 . Critical Strikes 27 | . . 4 5 . 5 . . . . . 1 12 Part Disruptions 1 | . . . . . . . . . . . . 1 Damage Taken 10842 | . 207 888 1682 700 1870 129 . . 84 67 623 4592 Core 1964 | . 36 129 236 118 230 33 . . 16 . 121 1045 Absorbed by Shields . | . . . . . . . . . . . . . Redirected to Shielding 50 | . . 50 . . . . . . . . . . Regen/Repaired (Parts) 78 | . . . 18 . . . . . . 27 33 . Core Remaining (%) 79 | 100 85 67 57 83 . . . . 67 100 . . Volleys Fired 271 | 2 37 53 75 39 54 . . . . . 4 7 Largest 3 | 2 2 2 2 3 3 . . . . . 1 2 Hottest 220 | 80 80 74 136 168 220 . . . . . 46 185 Shots Fired 535 | 4 74 93 149 111 86 1 . . . . 4 13 Gun 103 | 4 74 24 . . . . . . . . . 1 Cannon 407 | . . 53 147 111 84 1 . . . . . 11 Launcher 25 | . . 16 2 . 2 . . . . . 4 1 Special . | . . . . . . . . . . . . . Kinetic 227 | . 32 65 19 76 29 1 . . . . . 5 Thermal 209 | . . . 119 32 51 . . . . . . 7 Explosive 25 | . . 16 2 . 2 . . . . . 4 1 Electromagnetic 74 | 4 42 12 9 3 4 . . . . . . . Robot Hit Streak 11 | 2 11 7 8 4 8 . . . . . 3 7 Robot Miss Streak 6 | 1 3 4 4 6 3 . . . . . . 1 Penetration Max 1 | . . . . 1 . . . . . . . . Secondary Targets 4 | . 3 1 . . . . . . . . . . Max Gunslinging Chain 1 | . 1 1 . . . . . . . . . . Shots Hit Robots 314 | 2 34 51 98 44 37 9 3 . 7 1 10 18 Core Hits 171 | 2 20 29 41 30 24 3 . . 5 . 11 6 Critical Kills 2 | . . 1 1 . . . . . . . . . Critical Parts Destroyed 3 | . . . 3 . . . . . . . . . Critical Strikes 19 | . 2 3 6 2 . 1 . . 1 1 1 2 Meltdown 1 | . . . 1 . . . . . . . . . Blast 4 | . . 2 . 2 . . . . . . . . Corrupt 4 | . 2 . 2 . . . . . . . . . Smash 4 | . . 1 3 . . . . . . . . . Impale 6 | . . . . . . 1 . . 1 1 1 2 Melee Attacks 151 | . . 7 12 9 12 14 3 . 8 19 48 19 Impact 28 | . . 7 12 9 . . . . . . . . Slashing . | . . . . . . . . . . . . . Piercing 123 | . . . . . 12 14 3 . 8 19 48 19 Sneak Attacks 15 | . . 1 3 . . . 3 . 4 . 4 . Combat Hostiles . | . . . . . . . . . . . . . Follow-up Attacks . | . . . . . . . . . . . . . Damage Inflicted 11156 | 29 428 1591 2624 1756 1756 388 225 . 407 52 1198 702 Guns 665 | 27 425 213 . . . . . . . . . . Cannons 5521 | . . 591 2043 1369 1109 . . . . . . 409 Explosions 2304 | . . 558 89 374 647 . . . . . 636 . Melee 2599 | . . 229 443 . . 388 225 . 407 52 562 293 Ramming 67 | 2 3 . 49 13 . . . . . . . . Kinetic 2439 | . 77 661 323 898 243 . . . . . . 237 Thermal 3238 | . . 55 1480 680 851 . . . . . . 172 Explosive 2000 | . . 503 89 125 647 . . . . . 636 . Electromagnetic 813 | 27 348 143 240 40 15 . . . . . . . Impact 672 | . . 229 443 . . . . . . . . . Slashing . | . . . . . . . . . . . . . Piercing 1927 | . . . . . . 388 225 . 407 52 562 293 Highest Corruption 3 | . . 3 1 . 2 3 3 3 3 . 1 2 Average Corruption 2 | . . 2 1 . 1 2 3 3 3 . 1 1 Corruption Purged . | . . . . . . . . . . . . . Corruption Blocked . | . . . . . . . . . . . . . Effects 36 | . . 11 2 . 4 4 5 1 6 . . 3 Message Errors 6 | . . 1 . . 1 1 1 . 1 . . 1 Matter Fused 8 | . . 3 2 . 1 . . . 2 . . . Heat Flow Errors 7 | . . . . . . 2 3 . 1 . . 1 Energy Discharges 1 | . . 1 . . . . . . . . . . Parts Fused 1 | . . . . . . . . . . . . 1 Data Loss (minor) 5 | . . 1 . . 2 . . 1 1 . . . Data Loss (major) 3 | . . 1 . . . . 1 . 1 . . . Misfires 2 | . . 1 . . . 1 . . . . . . Alerts 1 | . . 1 . . . . . . . . . . Weapon Failures 2 | . . 2 . . . . . . . . . . Overload Shots . | . . . . . . . . . . . . . Overflow Damage 911 | . . 86 272 25 70 54 162 . 34 69 139 . Projectiles 58 | . . 16 35 . 7 . . . . . . . Explosions 180 | . . 29 . 25 63 . . . . . 63 . Melee 673 | . . 41 237 . . 54 162 . 34 69 76 . Knockbacks 14 | . . . 7 4 3 . . . . . . . Impact 3 | . . . 3 . . . . . . . . . Kinetic 11 | . . . 4 4 3 . . . . . . . Secondary . | . . . . . . . . . . . . . Self-Inflicted Damage 267 | . . 31 7 170 59 . . . . . . . Shots 6 | . . 1 1 2 2 . . . . . . . Rammed 12 | 1 2 . 6 3 . . . . . . . . Targets Rammed 17 | 1 3 . 9 4 . . . . . . . . Kicked 1 | . . . 1 . . . . . . . . . Crushed 4 | . 1 . 2 1 . . . . . . . . Highest Temperature 673 | 18 106 267 673 433 471 216 240 . 232 2 71 360 Average Temperature 116 | 12 28 67 160 119 163 98 104 . 121 2 19 141 Received Heat Transfer 2172 | . 48 279 756 105 . 18 . . . . 33 933 Effects 32 | . . . 16 6 10 . . . . . . . Shutdowns 7 | . . . 3 2 2 . . . . . . . Energy Bleed 3 | . . . 3 . . . . . . . . . Interference 8 | . . . . 3 5 . . . . . . . Matter Decay 9 | . . . 7 1 1 . . . . . . . Damage (minor) 1 | . . . 1 . . . . . . . . . Damage (major) 3 | . . . 1 . 2 . . . . . . . Damage (core) 1 | . . . 1 . . . . . . . . . Siege Activations . | . . . . . . . . . . . . . Martial Activations . | . . . . . . . . . . . . . Shielding Activations . | . . . . . . . . . . . . . Robots Disrupted . | . . . . . . . . . . . . . Combat Hostiles . | . . . . . . . . . . . . . Robots Corrupted 4 | . . 1 3 . . . . . . . . . Combat Hostiles 3 | . . . 3 . . . . . . . . . Parts Fried 9 | . 1 2 6 . . . . . . . . . Impact Corruptions 10 | . . 2 8 . . . . . . . . . Robots Melted 2 | . . . 2 . . . . . . . . . Combat Hostiles 2 | . . . 2 . . . . . . . . . Parts Melted 8 | . . . 7 1 . . . . . . . . Heat Transferred 4985 | . . 100 2664 792 1300 . . . . . . 129 Parts Sabotaged . | . . . . . . . . . . . . . Parts Stolen . | . . . . . . . . . . . . . Parts Stripped . | . . . . . . . . . . . . . Power Chain Reactions 2 | . . 1 . 1 . . . . . . . . Alert | -11 -10 -9 -8 -7 -6 -6 -6 -6 -5 -5 -4 -4 ------- Run | Yrd Mat Mat Mat Fac Fac Low Low Dat Pro Fac Fac Gar Maximum Alert Level 2 | . . 1 . 2 1 . . . . . . . Low Security (%) 92 | 100 100 73 100 90 69 . . . . 100 100 100 Level 1 5 | . . 26 . . 30 . . . . . . . Level 2 2 | . . . . 9 . . . . . . . . Level 3 . | . . . . . . . . . . . . . Level 4 . | . . . . . . . . . . . . . Level 5 . | . . . . . . . . . . . . . High Security . | . . . . . . . . . . . . . Max Security . | . . . . . . . . . . . . . Peak Influence 544 | 10 62 289 164 544 273 . . . . 27 159 184 Initial 261 | . . 11 107 56 261 . . . . 12 . 14 Average 58 | . 14 96 65 64 114 . . . . 3 63 40 Influence Increases 3479 | 10 226 542 731 801 313 50 . . 30 138 324 314 Destroy 0b10 Robot/C 1440 | . 140 300 480 220 140 20 . . 20 . 100 20 Destroy 0b10 Robot/NC 260 | 10 35 35 60 50 30 5 . . . 5 30 . Destroy Leader 352 | . 42 56 108 80 30 10 . . 10 2 14 . Allied During Kill 2 | . . . . 2 . . . . . . . . Successful Hack 104 | . 9 . 11 5 16 . . . . 41 22 . Disable Machine 480 | . . 30 30 345 30 . . . . 45 . . Destroy Structure 406 | . . 61 12 99 37 . . . . 30 128 39 Partial Spotted 15 | . . . . . . . . . . 15 . . Lose Combat Pursuer 420 | . . 60 30 . 30 15 . . . . 30 255 Influence Decreases 3290 | 10 198 315 860 392 832 61 5 . 10 157 304 146 Entered New Map 534 | . . 17 148 70 274 7 2 . . 8 1 7 Time Decay 2106 | 10 198 259 561 296 318 54 3 . 10 144 253 . Lost Part 419 | . . 39 90 6 90 . . . . 5 50 139 Lost Ally 20 | . . . . 20 . . . . . . . . Purge Threat 211 | . . . 61 . 150 . . . . . . . Squads Dispatched 24 | . 2 1 5 7 5 . . . . 3 1 . Investigation 3 | . 1 . 2 . . . . . . . . . Extermination 6 | . . . . 3 1 . . . . 1 1 . Reinforcement 13 | . 1 1 2 3 4 . . . . 2 . . Assault 1 | . . . . 1 . . . . . . . . Garrison 1 | . . . 1 . . . . . . . . . Intercept . | . . . . . . . . . . . . . Searches Triggered . | . . . . . . . . . . . . . Construction Impeded 2 | . . . . . 2 . . . . . . . Haulers Reinforced . | . . . . . . . . . . . . . Active Scanning Responses . | . . . . . . . . . . . . . Cargo Convoy Interrupts . | . . . . . . . . . . . . . Stealth | -11 -10 -9 -8 -7 -6 -6 -6 -6 -5 -5 -4 -4 --------- Run | Yrd Mat Mat Mat Fac Fac Low Low Dat Pro Fac Fac Gar Distress Signals 8 | . . 3 2 . 3 . . . . . . . Communications Jammed 15 | . . . . . . . . . . . 15 . Distress Signals 15 | . . . . . . . . . . . 15 . Times Spotted 161 | . 10 20 32 22 18 2 2 . 4 3 22 26 Peak Tracking Total 18 | . 4 4 3 3 6 1 3 . 3 3 6 18 Tactical Retreats 21 | . . 4 2 . 2 1 2 . . 1 3 6 ECM-based Alert Blocks 10 | . . . . . . . . . . 3 7 . Traps | -11 -10 -9 -8 -7 -6 -6 -6 -6 -5 -5 -4 -4 ------- Run | Yrd Mat Mat Mat Fac Fac Low Low Dat Pro Fac Fac Gar Traps Triggered 10 | . 2 2 . . 1 . . . . 2 2 1 Indirectly . | . . . . . . . . . . . . . Trap Hack Attempts . | . . . . . . . . . . . . . Triggered . | . . . . . . . . . . . . . Disarmed . | . . . . . . . . . . . . . Reprogrammed . | . . . . . . . . . . . . . Reused . | . . . . . . . . . . . . . Traps Extracted . | . . . . . . . . . . . . . Installed . | . . . . . . . . . . . . . Triggered . | . . . . . . . . . . . . . Machines | -11 -10 -9 -8 -7 -6 -6 -6 -6 -5 -5 -4 -4 ---------- Run | Yrd Mat Mat Mat Fac Fac Low Low Dat Pro Fac Fac Gar Machines Disabled 35 | . . 2 2 23 2 1 . . . 3 . 2 Max in Single Turn 18 | . . 1 1 18 1 1 . . . 1 . 1 Garrison Access 1 | . . . 1 . . . . . . . . . Machines Repaired . | . . . . . . . . . . . . . Machines Dismantled . | . . . . . . . . . . . . . Machines Sabotaged . | . . . . . . . . . . . . . Overloaded Fab Kills . | . . . . . . . . . . . . . Hacking | -11 -10 -9 -8 -7 -6 -6 -6 -6 -5 -5 -4 -4 --------- Run | Yrd Mat Mat Mat Fac Fac Low Low Dat Pro Fac Fac Gar Machines Accessed 43 | . 1 3 8 9 3 1 . 4 . 9 5 . Terminals 18 | . 1 2 3 5 1 . . . . 4 2 . Fabricators 2 | . . . . 1 . . . . . 1 . . Repair Stations 7 | . . 1 2 1 . . . . . 2 1 . Recycling Units 3 | . . . 1 1 1 . . . . . . . Scanalyzers 4 | . . . 1 1 . . . . . 1 1 . Garrison Access 4 | . . . 1 . 1 . . . . 1 1 . Total Hacks 135 | . 5 6 22 17 6 1 . 33 . 29 16 . Successful 88 | . 3 2 13 8 2 1 . 33 . 15 11 . Failed 46 | . 2 4 9 9 4 . . . . 13 5 . Catastrophic 8 | . . 1 2 1 3 . . . . 1 . . Database Lockouts 1 | . . . . . . . . . . 1 . . Manual 12 | . . 1 . . . . . . . 8 3 . Terminals 53 | . 5 5 7 8 4 . . . . 17 7 . Fabricators 4 | . . . . 2 . . . . . 2 . . Repair Stations 18 | . . 1 9 1 . . . . . 5 2 . Recycling Units 5 | . . . 2 2 1 . . . . . . . Scanalyzers 16 | . . . 3 4 . . . . . 3 6 . Garrison Access 5 | . . . 1 . 1 . . . . 2 1 . Terminal Hacks 62 | . 3 2 4 3 2 1 . 33 . 10 4 . Record 14 | . . 1 . . . 1 . 11 . 1 . . Part Schematic 12 | . . . . . . . . 12 . . . . Robot Schematic 7 | . . . . . . . . 7 . . . . Robot Analysis 1 | . 1 . . . . . . . . . . . Prototype ID Bank 6 | . . 1 . 1 . . . 3 . 1 . . Open DSF 2 | . . . . 1 . . . . . 1 . . Level Access Points 1 | . . . . . . . . . . 1 . . Branch Access Points 3 | . . . 1 . 1 . . . . 1 . . Emergency Access Points 1 | . . . . . . . . . . 1 . . Fabricator Index 1 | . . . . . . . . . . . 1 . Alert Level 1 | . . . . . . . . . . 1 . . Unreport Threat 2 | . . . 1 . 1 . . . . . . . Locate Traps 3 | . 1 . 1 . . . . . . . 1 . Transport Status 1 | . . . . 1 . . . . . . . . Recall Investigation 1 | . . . . . . . . . . 1 . . Recall Reinforcements 1 | . . . . . . . . . . . 1 . Hauler Manifests 1 | . . . . . . . . . . 1 . . Zone Layout 4 | . 1 . 1 . . . . . . 1 1 . Fabricator Hacks 3 | . . . . 2 . . . . . 1 . . Network Status 1 | . . . . 1 . . . . . . . . Build 2 | . . . . 1 . . . . . 1 . . Repair Station Hacks 8 | . . . 4 . . . . . . 2 2 . Scan Component 5 | . . . 3 . . . . . . 1 1 . Repair 3 | . . . 1 . . . . . . 1 1 . Recycling Unit Hacks 3 | . . . 1 2 . . . . . . . . Process 1 | . . . 1 . . . . . . . . . Report Inventory 1 | . . . . 1 . . . . . . . . Retrieve Components 1 | . . . . 1 . . . . . . . . Scanalyzer 10 | . . . 3 1 . . . . . 2 4 . Insert Component 2 | . . . 1 . . . . . . 1 . . Analyze 2 | . . . 1 . . . . . . 1 . . Retrieve Study 6 | . . . 1 1 . . . . . . 4 . Garrison Access Hacks 2 | . . . 1 . . . . . . . 1 . Unlock Access 1 | . . . . . . . . . . . 1 . Seal Access 1 | . . . 1 . . . . . . . . . Unauthorized Hacks . | . . . . . . . . . . . . . Terminals . | . . . . . . . . . . . . . Fabricators . | . . . . . . . . . . . . . Repair Stations . | . . . . . . . . . . . . . Recycling Units . | . . . . . . . . . . . . . Scanalyzers . | . . . . . . . . . . . . . Garrison Access . | . . . . . . . . . . . . . Data Cores Recovered 2 | . . . . 2 . . . . . . . . Used . | . . . . . . . . . . . . . Hacking Detections 33 | . 1 3 7 8 3 . . . . 7 4 . Full Trace Events 2 | . . . 2 . . . . . . . . . Feedback Events . | . . . . . . . . . . . . . Feedback Blocked . | . . . . . . . . . . . . . Robot Schematics Acquired 7 | . . . . . . . . 7 . . . . Robots Built 6 | . . . . 4 . . . . . 2 . . Authchips . | . . . . . . . . . . . . . Time 174 | . . . . 134 . . . . . 40 . . Total Robot Build Rating 18 | . . . . 16 . . . . . 2 . . Part Schematics Acquired 14 | . . . 1 . . . . 12 . 1 . . Parts Built . | . . . . . . . . . . . . . Authchips . | . . . . . . . . . . . . . Time . | . . . . . . . . . . . . . Total Part Build Rating . | . . . . . . . . . . . . . Part Studies Acquired 6 | . . . 1 1 . . . . . . 4 . Parts Repaired 3 | . . . 1 . . . . . . 1 1 . Time 101 | . . . 26 . . . . . . 25 50 . Parts Recycled . | . . . . . . . . . . . . . Recycled Matter 24 | . . . 24 . . . . . . . . . Retrieved Matter . | . . . . . . . . . . . . . Retrieved Components 7 | . . . . 7 . . . . . . . . Parts Scanalyzed 2 | . . . 1 . . . . . . 1 . . Part Schematics Acquired 2 | . . . 1 . . . . . . 1 . . Parts Damaged . | . . . . . . . . . . . . . Bothacking | -11 -10 -9 -8 -7 -6 -6 -6 -6 -5 -5 -4 -4 ------------ Run | Yrd Mat Mat Mat Fac Fac Low Low Dat Pro Fac Fac Gar Used RIF Installer . | . . . . . . . . . . . . . Robots Hacked . | . . . . . . . . . . . . . Non-combat . | . . . . . . . . . . . . . Combat . | . . . . . . . . . . . . . Robot Hacks Applied . | . . . . . . . . . . . . . Relay Couplers Released . | . . . . . . . . . . . . . Fabnet Peak Effective % . | . . . . . . . . . . . . . Robots Rewired . | . . . . . . . . . . . . . Allies Hacked . | . . . . . . . . . . . . . Hacks Repelled . | . . . . . . . . . . . . . Allies | -11 -10 -9 -8 -7 -6 -6 -6 -6 -5 -5 -4 -4 -------- Run | Yrd Mat Mat Mat Fac Fac Low Low Dat Pro Fac Fac Gar Total Allies 6 | . . . . 4 . . . . . 2 . . Largest Group 4 | . . . . 4 . . . . . 2 . . Highest-Rated Group 48 | . . . . 48 . . . . . 16 . . Highest-Rated Ally 12 | . . . . 12 . . . . . 8 . . Total Orders 3 | . . . . . . . . . . 3 . . ROAM 2 | . . . . . . . . . . 2 . . EXPLORE 1 | . . . . . . . . . . 1 . . Ally Attacks 23 | . . . . 23 . . . . . . . . Total Damage 288 | . . . . 288 . . . . . . . . Kills 1 | . . . . 1 . . . . . . . . Allies Corrupted . | . . . . . . . . . . . . . Allies Melted . | . . . . . . . . . . . . . Intel | -11 -10 -9 -8 -7 -6 -6 -6 -6 -5 -5 -4 -4 ------- Run | Yrd Mat Mat Mat Fac Fac Low Low Dat Pro Fac Fac Gar Active Infowar (turns) 6326 | . . . 1546 1701 516 276 252 28 338 886 649 134 Sensors 1843 | . . . . . . . . . 192 879 638 134 Terrain 4316 | . . . 1546 1554 515 276 252 28 145 . . . T.N.C. 1738 | . . . . . 234 276 252 28 338 610 . . Machine Analysis 147 | . . . . 147 . . . . . . . . Jamming 782 | . . . . . . . . . . 172 610 . ECM 88 | . . . . . . . . . . 41 47 . Robot Analysis Total 1 | . 1 . . . . . . . . . . . Derelict Logs Recovered 4 | . . . . . . 1 2 . 1 . . . Drone Launches 2 | . . . . . . . . . . 2 . . Drone Recoveries . | . . . . . . . . . . . . . Exploration | -11 -10 -9 -8 -7 -6 -6 -6 -6 -5 -5 -4 -4 ------------- Run | Yrd Mat Mat Mat Fac Fac Low Low Dat Pro Fac Fac Gar Turns Passed 9290 | 129 828 856 1794 2156 734 276 252 28 338 886 659 354 Spaces Moved 7535 | 68 339 493 674 984 551 618 362 83 780 1313 977 293 Core 117 | 24 36 1 . . 6 . . . . . . 50 Treads 2143 | 44 299 . 549 984 219 . . . . . . 48 Legs 397 | . . 189 125 . 7 . . . . . . 76 Wheels . | . . . . . . . . . . . . . Hover 308 | . 4 303 . . 1 . . . . . . . Flight 4570 | . . . . . 318 618 362 83 780 1313 977 119 Fastest Speed 20 | 50 116 48 120 145 34 34 34 34 34 31 20 32 Average Speed 77 | 160 163 78 163 164 85 34 34 34 34 35 27 79 Slowest Speed 450 | 200 200 450 240 240 212 34 114 34 34 114 32 285 Overloaded Moves 129 | . . . . . . . . . . . 129 . Propulsion Burnouts . | . . . . . . . . . . . . . Robots Hopped 5 | . . . . . 1 . . . . 1 3 . Potential Cave-ins . | . . . . . . . . . . . . . Cave-ins Triggered . | . . . . . . . . . . . . . Exploration Rate (%) 37 | 4 55 35 37 25 10 70 38 69 68 24 13 41 Regions Visited 12 Branch Regions 4 Pre-discovered Areas 2 | . . . . . . 1 . 1 . . . . Known Exits Taken 3 | . . . . . 1 . . . . 1 1 . Unknown Exits Taken 9 | 1 1 1 1 1 . 1 1 1 1 . . . Scrap Searched 8 | . . . . . . 5 2 . 1 . . . Spaces Dug 83 | . . 1 1 9 15 2 . . 1 15 34 5 Terrain Destroyed 323 | . . 62 14 107 36 2 . . 1 15 64 22 Melee 72 | . . 1 1 6 8 2 . . 1 15 34 4 Projectile 60 | . . 19 2 13 24 . . . . . . 2 AOE 191 | . . 42 11 88 4 . . . . . 30 16 Terrain Rammed . | . . . . . . . . . . . . . Walls Destroyed . | . . . . . . . . . . . . . Machines Disabled . | . . . . . . . . . . . . . Actions | -11 -10 -9 -8 -7 -6 -6 -6 -6 -5 -5 -4 -4 --------- Run | Yrd Mat Mat Mat Fac Fac Low Low Dat Pro Fac Fac Gar Total 10170 | 80 543 851 1173 1428 724 654 484 82 839 1693 1258 361 Wait 1806 | . 140 263 352 316 56 18 116 . 37 283 213 12 Move 7512 | 67 338 492 673 983 548 617 361 82 779 1309 970 293 Hop 5 | . . . . . 1 . . . . 1 3 . Pick Up 74 | 4 9 10 7 18 2 2 1 . 3 9 4 5 Fast Attach 56 | 6 2 3 9 1 10 . 1 . 2 10 3 9 Attach 43 | . 3 4 3 6 13 1 . . 2 1 7 3 Detach 8 | . . . . . 5 . . . . . 1 2 Swap 101 | . 4 14 26 28 12 1 . . 2 11 1 2 Drop 94 | . 7 5 7 24 11 1 2 . 6 18 4 9 Fire 271 | 2 37 53 75 39 54 . . . . . 4 7 Melee 151 | . . 7 12 9 12 14 3 . 8 19 48 19 Ram . | . . . . . . . . . . . . . Kick 1 | . . . 1 . . . . . . . . . Crush 16 | 1 3 . 8 4 . . . . . . . . Escape Stasis 32 | . . . . . . . . . . 32 . . Rewire . | . . . . . . . . . . . . . Trap . | . . . . . . . . . . . . . Miscellaneous . | . . . . . . . . . . . . . Route ------- -11/Scrapyard -10/Materials (discovered 3 exits: *Mat x2 / [*Min]) -9/Materials -8/Materials -7/Factory -6/Factory (discovered 4 exits: *Low x2 / Ext x2) -6/Lower Caves -6/Lower Caves -6/Data Miner -5/Proximity Caves -5/Factory (discovered 6 exits: *Fac x4 / *Upp x2) -4/Factory -4/Garrison (discovered 1 exit: [*Fac]) History --------- Turn | Location | Event 56 | -11/Scrapyard | Discovered new exit (range 15) 130 | -11/Scrapyard | Entered Materials 302 | -10/Materials | Build established: Mutant 398 | -10/Materials | Discovered new exit (range 16) 717 | -10/Materials | Discovered new exit (range 15) 923 | -10/Materials | Discovered new exit (range 13) 958 | -10/Materials | Entered another Materials area 958 | -9/Materials | Evolved 2 slots: Propulsion x2 1635 | -9/Materials | Destroyed 7 combat bots 1796 | -9/Materials | Discovered new exit (range 16) 1814 | -9/Materials | Entered another Materials area 1814 | -8/Materials | Evolved 2 slots: Utility x2 2003 | -8/Materials | Garrison activated, responded to threat 2503 | -8/Materials | Build established: Scavenger-Mutant 2616 | -8/Materials | Repaired Terrain Scanner 2858 | -8/Materials | Discovered new exit (range 15) 3314 | -8/Materials | Lost 3 parts (1p2n) 3608 | -8/Materials | Entered Factory 3608 | -7/Factory | Evolved 2 slots: Power x1, Weapon x1 4164 | -7/Factory | Build established: Scavenger-Skirmisher 4597 | -7/Factory | Fabricated S-27 Virus (x4) 4722 | -7/Factory | Lost 4 allies 5258 | -7/Factory | Build established: Skirmisher 5608 | -7/Factory | First assault squad dispatched 5674 | -7/Factory | Discovered new exit (range 7) 5764 | -7/Factory | Entered another Factory area 5764 | -6/Factory | Evolved 2 slots: Utility x2 5989 | -6/Factory | Identified exit to Lower Caves 5989 | -6/Factory | Identified exit to Extension 6289 | -6/Factory | Lost 12 parts (1p4n4u3w) 6498 | -6/Factory | Entered Lower Caves 6508 | -6/Lower Caves | Build established: Scout 6567 | -6/Lower Caves | Encountered a Warlord checkpoint 6578 | -6/Lower Caves | Entered a destroyed Warlord outpost 6748 | -6/Lower Caves | Discovered new exit (range 9) 6774 | -6/Lower Caves | Entered another Lower Caves area 6801 | -6/Lower Caves | Learned Factory non-interactive machine intel 6847 | -6/Lower Caves | Encountered a Warlord checkpoint 6855 | -6/Lower Caves | Discovered new exit (range 12) 7024 | -6/Lower Caves | Learned Factory stockpile data 7025 | -6/Lower Caves | Attracted the attention of an 0b10 checkpoint 7026 | -6/Lower Caves | Entered Data Miner 7026 | -6/Data Miner | Discovered new exit (range 6) 7033 | -6/Data Miner | Met Data Miner 7040 | -6/Data Miner | Learned location of Section 7 (-2) 7040 | -6/Data Miner | Acquired the access code to Warlord's prototype stash 7047 | -6/Data Miner | Received God Mode back door access code from Data Miner 7054 | -6/Data Miner | Entered Proximity Caves 7085 | -5/Proximity Caves | Spotted B-75 Beast 7170 | -5/Proximity Caves | Learned 8 Factory zone layouts 7384 | -5/Proximity Caves | Discovered new exit (range 10) 7392 | -5/Proximity Caves | Entered Factory 7392 | -5/Factory | Evolved 2 slots: Utility x2 7395 | -5/Factory | Loaded intel: 250 non-interactive machine locations 7558 | -5/Factory | Fabricated R-06 Scavenger (x2) 7744 | -5/Factory | Discovered new exit (range 5) 7745 | -5/Factory | Identified exit to Upper Caves 7816 | -5/Factory | Build established: Ninja 8107 | -5/Factory | Found Smartbomb Launcher 8117 | -5/Factory | Identified exit to Factory 8157 | -5/Factory | Repaired Nuclear Pulse Thruster 8216 | -5/Factory | Central database locked down 8278 | -5/Factory | Entered another Factory area 8278 | -4/Factory | Evolved 2 slots: Propulsion x1, Utility x1 8522 | -4/Factory | Build established: Hacker-Sprinter 8572 | -4/Factory | Repaired Hvy. Pick 8709 | -4/Factory | Spotted B-86 Titan 8724 | -4/Factory | Lost 3 parts (1p1n1u) 8936 | -4/Factory | Identified exit to Garrison 8937 | -4/Factory | Entered Garrison 9104 | -4/Garrison | Lost 3 parts (1n2u) 9164 | -4/Garrison | Core integrity fell below 50% 9218 | -4/Garrison | Lost 11 parts (2p2n4u3w) 9227 | -4/Garrison | Triggered checkpoint 9230 | -4/Garrison | Triggered checkpoint 9270 | -4/Garrison | Core integrity fell below 20% 9273 | -4/Garrison | Triggered checkpoint 9287 | -4/Garrison | Discovered new exit (range 10) 9291 | -4/Garrison | Destroyed by S-27 Virus with Autogun Last Messages --------------- 09187_ Enh. Nova Cannon destroyed. 09190_ Slug penetrates Wall. 09196_ Penetrated by Slug. 09227_ Beams of light sweep through the air. An alarm sounds. 09227_ Penetrated by Slug. 09227_ Slug penetrates Wall. 09230_ Penetrated by Slug. 09230_ Beams of light sweep through the air. An alarm sounds. Garrison Door activated. 09232_ Penetrated by Slug. 09236_ Biometal Heavy Treads destroyed. 09240_ Enh. Quantum Rifle destroyed. 09241_ S-27 Virus shuts down. 09244_ Smartbomb Launcher destroyed. 09254_ S-27 Virus IFF system glitched. 09265_ Centrium Leg destroyed. 09273_ Beams of light sweep through the air. An alarm sounds. 09286_ Adv. Hacking Suite destroyed. 09287_ Penetrated by Slug. 09287_ EXIT=FOUND Map ----- +----------------------------------------------------+ | ????????????????????????????????????? | | ????????????????????????????????????? | | ????????????????????????????????????? | | ????????????????????????????????????? | | ????????????????????????????????????? | | ????????????????????????????????????? | | ????????????????????????????????????? | | ????????????????????????????????????? | | ????????????????????????????????????? | | ????????????????????????????????????? | | ????????????????????????????????????? | | ????????????????????????????????????? | | ????????????????????????????????????? | | ????????????????????????????????????? | | ????????????????????????????????????? | | ????????????????????????????????????? | | ???????????????????????????#####??### | | ???????????????????????????# #??#"" | | ???????????????????????##### ##### | | ???????????????????????# | | ???????????????????????# | | ???????????????????????# ######/#### | | ????????###????????????# #????# #??? | | ????????# ???????????# #????# #??? | | ????????# < ############ ######/#### | | ????????# @ s x | | ????????# | | ????????# | | ????????############################# | | ????????????????????????????????????? | | ????????????????????????????????????? | | ????????????????????????????????????? | | ????????????????????????????????????? | | ????????????????????????????????????? | | ????????????????????????????????????? | | ????????????????????????????????????? | | ????????????????????????????????????? | | ????????????????????????????????????? | | ????????????????????????????????????? | | ????????????????????????????????????? | | ????????????????????????????????????? | | ????????????????????????????????????? | | ????????????????????????????????????? | | ????????????????????????????????????? | | ????????????????????????????????????? | | ????????????????????????????????????? | | ????????????????????????????????????? | | ????????????????????????????????????? | | ????????????????????????????????????? | | ????????????????????????????????????? | +----------------------------------------------------+ Best States ------------- Heat Dissipation 51 Energy Generation 45 Energy Capacity 500 Matter Stores 400 Matter Capacity 400 Sight Range 16 Robot Scan Range 16 Terrain Scan Range 16 Terrain Scan Density 110 ECM Strength 2 Jamming Range 16 Armor Coverage 225 Weapon Shielding 33 Weapon Cycling 15 Melee Speed Boost 20 Phase Shifting 5 Evasion (%) 78 Melee Accuracy 5 Recoil Reduction 4 Kinecelleration 30 Offensive Hacking 34 Defensive Hacking 12 Authchip Count 2 Item Schematics ----------------- Hacking Suite | -8/Materials | Scanalyzed Combat Drone Bay | -6/Data Miner | Free Lgt. Regenerative Plating | -6/Data Miner | Free Enh. Armored Leg | -6/Data Miner | Free Imp. Energy Well | -6/Data Miner | Free Smartbomb Launcher | -6/Data Miner | Free Centrium Wheel | -6/Data Miner | Free Imp. Point Defense System | -6/Data Miner | Free Force Lance | -6/Data Miner | Free Tesla Rifle | -6/Data Miner | Free Adv. Focal Shield | -6/Data Miner | Free Adv. Recalibrator | -6/Data Miner | Free Imp. Thunder Leg | -6/Data Miner | Free Xenon Bombardment Thruster | -5/Factory | Scanalyzed Robot Schematics ------------------ S-27 Virus | -6/Data Miner | Free A-15 Conveyor | -6/Data Miner | Free H-66 Slayer | -6/Data Miner | Free M-22 Extractor | -6/Data Miner | Free E-15 Imp | -6/Data Miner | Free G-50 Soldier | -6/Data Miner | Free M-36 Artificer | -6/Data Miner | Free Fabricated ------------ S-27 Virus | x4 | -7/Factory | Preloaded R-06 Scavenger | x2 | -5/Factory | Preloaded Repaired ---------- Terrain Scanner | 10% | -8/Materials Nuclear Pulse Thruster | 10% | -5/Factory Hvy. Pick | 26% | -4/Factory Studied --------- Imp. Treads | -8/Materials | Hacked Adv. Treads | -7/Factory | Hacked Field Propulsion Drive | -4/Factory | Hacked Nuclear Pulse Thruster | -4/Factory | Hacked Hvy. Pick | -4/Factory | Hacked Impulse Thruster | -4/Factory | Hacked Alien Tech Used ----------------- None Achievements -------------- Dodgeball, But With Guns I'm Back, Baby! My Command Is Your Wish The Oracle Throw Away The Key Total Silence Challenges ------------ None Game ------ Seed MeleeShrapnelMallet Manual? 0 Play Time 03:20:25 Cumulative 23.4 hours Start 2026.07.31 @ 14:21:50 End 2026.07.31 @ 22:59:26 Sessions 5 Manual Loads 0 Difficulty Rogue Special Mode None Game No. 16 Rogue 16 Adventurer 0 Explorer 0 Win Type - Total 0 Types 0/0/0/0/0/0/0/0/0/0 Lore% 10 Gallery% 22 Achievement% 17 Wizard Run 0 Options --------- Layout 0 ASCII 0 Keyboard 1 Movement Arrows Keybinds 1 Fullscreen 1 Font 18/Terminus Map View 76x50 Zoom Use 0% Tactical HUD 1 Map Filters NONE Filters NONE Steam 1 RUN: b6c35974-6a9c-48c4-8bc0-b12b968ba6c6